 Dungeon Crawl Stone Soup version 0.29-a0-321-gf1c400731a (webtiles) character file.

Game seed: 13967017841911924670

105 sammy202020 the Skirmisher (level 4, -3/50 HPs)
             Began as an Ogre Monk on Apr 4, 2022.
             Slain by Pargi (7 damage)
             ... on level 3 of the Dungeon.
             The game lasted 00:03:15 (3213 turns).

sammy202020 the Skirmisher (Ogre Monk)              Turns: 3213, Time: 00:03:16

Health: -3/50      AC:  3    Str: 17    XL:     4   Next: 81%
Magic:  4/4        EV: 10    Int: 11    God:
Gold:   60         SH:  0    Dex: 11    Spells: 3/3 levels left

rFire   . . .      SeeInvis .   n - +0 flail
rCold   . . .      Faith    .   (no shield)
rNeg    . . .      Spirit   .   b - +0 robe
rPois   .          Reflect  .   (helmet restricted)
rElec   .          Harm     .   (no cloak)
rCorr   .          Rampage  .   (gloves unavailable)
Will    .....      Clarity  +   (boots unavailable)
Stlth   ++........              (no amulet)
HPRegen 0.16/turn               (no ring)
MPRegen 0.09/turn               (no ring)

@: no status effects
A: large, unfitting armour, tough skin 1, horns 1, talons 1, clarity
a: no special abilities


You were on level 3 of the Dungeon.
You visited 1 branch of the dungeon, and saw 3 of its levels.

You collected 60 gold pieces.

Inventory:

Hand Weapons
 n - a +0 flail (weapon)
Missiles
 p - 6 datura-tipped darts (quivered)
Armour
 b - a +0 robe (worn)
Jewellery
 a - a ring of ice
Scrolls
 d - a scroll of noise {unknown}
 e - a scroll of summoning {unknown}
 g - a scroll of vulnerability {unknown}
 i - a scroll of immolation {unknown}
 k - a scroll of holy word {unknown}
 l - a scroll of identify {unknown}
 o - a scroll of magic mapping {unknown}
Potions
 f - a potion of mutation
 j - a potion of invisibility {unknown}
 m - 2 potions of brilliance {unknown}
 q - a potion of haste {unknown}
 r - a potion of might {unknown}


   Skills:
 * Level 5.4 Fighting
 * Level 3.7 Maces & Flails
 + Level 3.2 Dodging
 - Level 1.4 Stealth


You had 3 spell levels left.
You didn't know any spells.
Your spell library was empty.

Dungeon Overview and Level Annotations

Branches:
Dungeon (3/15)

Altars:

Annotations:
D:3 Pargi


Innate Abilities, Weirdness & Mutations

You are too large for most types of armour.
You have tough skin. (AC +1)
You have a pair of small horns on your head.
You have sharp toenails.
You possess an exceptional clarity of mind.


Message History

You closely miss Pargi. The kobold barely misses you. Pargi barely misses you.
Pargi claws you. x2
You hit the kobold but do no damage. The kobold barely misses you.
Pargi bites you but does no damage. Pargi claws you but does no damage.
Pargi claws you. The kobold closely misses you.
You completely miss the kobold. Pargi bites you!
* * * LOW HITPOINT WARNING * * *
Pargi barely misses you. Pargi claws you.
* * * LOW HITPOINT WARNING * * *
The kobold hits you with a +0 club.
* * * LOW HITPOINT WARNING * * *
Pargi bites you!
* * * LOW HITPOINT WARNING * * *
Pargi barely misses you. Pargi claws you but does no damage.
It was a potion of curing.
You feel better. The kobold hits you but does no damage.
Pargi closely misses you. x2
Pargi claws you.
* * * LOW HITPOINT WARNING * * *
Okay, then.
You hit Pargi.
Pargi is lightly wounded.
The kobold closely misses you.
Pargi snarls, "Go!
Away!"
Pargi bites you but does no damage. Pargi barely misses you. Pargi claws you.
* * * LOW HITPOINT WARNING * * *
You feel better. The kobold closely misses you.
Pargi bites you but does no damage. Pargi claws you. x2
* * * LOW HITPOINT WARNING * * *
You miss the kobold. The kobold hits you with a +0 club.
* * * LOW HITPOINT WARNING * * *
Pargi bites you.
* * * LOW HITPOINT WARNING * * *
Pargi claws you.
* * * LOW HITPOINT WARNING * * *
Pargi barely misses you.
It was a potion of mutation.
You feel extremely strange.
Your thoughts seem clearer.
Your toenails lengthen and sharpen.
A pair of horns grows on your head! The kobold barely misses you.
Pargi bites you!
You die...

##......###...#
........###...##
######..†....>.#
#.........#######
#.........#....).
#.........#...!..
..................
.....####K......###
......# #@T...=.#
......# #.......#
#.......# #.......#
#.......# #.......#
#.......# #########


You could see Pargi and a kobold.

Vanquished Creatures
  5 adders (D:2)
  A worm (D:2)
  3 dart slugs
  2 endoplasms (D:1)
  3 giant cockroaches (D:1)
  6 goblins
  4 hobgoblins (D:1)
  7 kobolds
  2 quokkas (D:1)
  5 ball pythons
  5 bats
  3 frilled lizards
  8 rats
54 creatures vanquished.

Vanquished Creatures (others)
  A plant (D:1)
1 creature vanquished.

Grand Total: 55 creatures vanquished

Notes
Turn   | Place    | Note
-------+----------+-------------------------------------------
     0 | D:1      | sammy202020 the Ogre Monk began the quest for the Orb.
     0 | D:1      | Reached XP level 1. HP: 24/24 MP: 1/1
   128 | D:1      | Found a faded altar of an unknown god.
   260 | D:1      | Reached XP level 2. HP: 30/32 MP: 2/2
   767 | D:1      | Reached XP level 3. HP: 33/40 MP: 3/3
  1953 | D:2      | Reached skill level 5 in Fighting
  1953 | D:2      | Reached XP level 4. HP: 19/50 MP: 4/4
  3185 | D:3      | Noticed Pargi
  3208 | D:3      | HP: 2/50 [Pargi (8)]
  3213 | D:3      | Gained mutation: You possess an exceptional clarity of
                  | mind. [potion of mutation]
  3213 | D:3      | Gained mutation: You have sharp toenails. [potion of
                  | mutation]
  3213 | D:3      | Gained mutation: You have a pair of small horns on your
                  | head. [potion of mutation]
  3213 | D:3      | Slain by Pargi

Illustrated notes

Levels and vault maps discovered:
D:1:      saegor_arrival_simple_e, layout_basic,
          shapermc_ecumenical_altar_mp_ritualfount
D:2:      wander_river, layout_loops_corners
D:3:      layout_basic, uniq_pargi

Skill      XL: |  1  2  3 |
---------------+----------+-----
Maces & Flails | 3 |  3.7
Dodging        | 3 |  3.2
Fighting       | 5 |  5.4
Stealth        | |  1.4

Action                   |  1- 3 |  4- 6 || total
-------------------------+-------+-------++-------
Melee: Mace              |    13 |       ||    13
       Whip              |   144 |       ||   144
       Flail             |       |    68 ||    68
  Use: Potion            |       |     4 ||     4
 Stab: Sleeping          |     4 |     3 ||     7
Armor: Robe              |    52 |    30 ||    82
Dodge: Dodged            |    94 |    64 ||   158

Table legend: (Time is in decaauts)
 A = Elapsed time spent in this place.
 B = Non-inter-level travel time spent in this place.
 C = Inter-level travel time spent in this place.
 D = Time resting spent in this place.
 E = Time spent auto-exploring this place.
 F = Levels seen in this place.
 G = Mean time per level.
                   A        B        C        D        E       F      G
               +--------+--------+--------+--------+--------+-----+--------+
         Total |   3233 |   3202 |     31 |      0 |   2619 |   3 | 1077.7 |
       Dungeon |   3233 |   3202 |     31 |      0 |   2619 |   3 | 1077.7 |
               +--------+--------+--------+--------+--------+-----+--------+

Top non-repeatable levels by time:
     D:1: 1797 daAuts
     D:2: 1376 daAuts
     D:3: 59 daAuts
